 Dungeon Crawl Stone Soup version 0.31.0-32-g396128a36d (webtiles) character file.

Game seed: 17347698505867834133

7 Jinxx the Chiller (level 1, -2/13 HPs)
             Began as a Demonspawn Ice Elementalist on Apr 7, 2024.
             Slain by a goblin
             ... wielding a +0 dagger
              (4 damage)
             ... on level 1 of the Dungeon.
             The game lasted 00:00:29 (258 turns).

Jinxx the Chiller (Demonspawn Ice Elementalist)      Turns: 258, Time: 00:00:30

Health: -2/13      AC:  2    Str:  8    XL:     1   Next: 83%
Magic:  1/3        EV: 12    Int: 15    God:
Gold:   0          SH:  0    Dex: 13    Spells: 3/4 levels left

rFire   . . .        f - +0 whip (elec)
rCold   . . .        (no shield)
rNeg    . . .        a - +0 robe
rPois   .            (no helmet)
rElec   .            (no cloak)
rCorr   .            (no gloves)
SInv    .            (no boots)
Will    .....        (no amulet)
Stlth   ++           (no ring)
HPRegen 0.22/turn    (no ring)
MPRegen 0.08/turn

%: no passive effects
@: no status effects
A: no striking features
a: no special abilities


You were on level 1 of the Dungeon.
You visited 1 branch of the dungeon, and saw 1 of its levels.

Inventory:

Hand Weapons
 f - a +0 whip of electrocution (weapon)
Armour
 a - a +0 robe (worn)
Scrolls
 c - a scroll of identify {unknown}
Potions
 b - a potion of magic
 d - a potion of heal wounds {unknown}
 e - a potion of attraction {unknown}


   Skills:
 + Level 1.9 Dodging
 + Level 1.8 Stealth
 + Level 2.0 Spellcasting
 + Level 3.8 Ice Magic


You had 3 spell levels left.
You knew the following spells:

 Your Spells              Type           Power      Damage    Failure   Level
a - Freeze                Ice            52%        1d6       4%          1

Your spell library contained the following spells:

 Spells                   Type           Power      Damage    Failure   Level
 Frozen Ramparts          Ice            26%        1d4       14%         3
 Ozocubu's Armour         Ice            13%        N/A       14%         3
 Summon Ice Beast         Ice/Summ       7%         N/A       30%         3


Dungeon Overview and Level Annotations

Branches:
Dungeon (1/15)

Altars:


Message History

Unknown command.
You don't have enough magic to cast this spell.
Unknown command.
Unknown command.
You closely miss the goblin. The goblin misses you.
A kobold comes into view. It is wielding a +0 short sword.
You closely miss the goblin. The goblin closely misses you.
You hit the goblin.
The goblin is moderately wounded.
The goblin hits you but does no damage.
You barely miss the goblin.
The goblin is moderately wounded.
The goblin misses you. The giant cockroach barely misses you.
You hit the giant cockroach.
Lightning courses through the giant cockroach!
You kill the giant cockroach!
The goblin hits you with a +0 dagger. The goblin closely misses you.
The jackal attacks as it pursues you! The jackal closely misses you.
The jackal bites you. The goblin hits you with a +0 dagger.
The gnoll completely misses you.
The jackal bites you but does no damage.
The goblin hits you with a +0 dagger. The gnoll barely misses you.
The goblin hits you but does no damage. The jackal closely misses you.
You barely miss the jackal. You hit the jackal.
The jackal is moderately wounded.
The jackal misses you.
The jackal bites you but does no damage.
The jackal closely misses you. The jackal bites you.
* * * LOW HITPOINT WARNING * * *
Unknown command.
You closely miss the jackal. The jackal barely misses you.
The jackal closely misses you. The goblin hits you but does no damage.
The jackal bites you.
* * * LOW HITPOINT WARNING * * *
The jackal closely misses you. The goblin hits you with a +0 dagger.
You die...

#...... ....
###.#.#.# #.#.#
..............
#.#.#.#.#.#.#
#....††.b....
#.#†#†#.#.#.#
##..........>.
##g##K#.#.#.#.#
#.#@hh.........
#.h#b#.#.#.#.#
##.######### #.#
#.##### #.#...#
#...#.######
#####'##V#~# ###
###...#########~#


You could see 3 jackals, a goblin, a bat and a kobold.

Vanquished Creatures
  A bat (D:1)
  A giant cockroach (D:1)
  A hobgoblin (D:1)
  A jackal (D:1)
  A kobold (D:1)
5 creatures vanquished.

Notes
Turn   | Place    | Note
-------+----------+-------------------------------------------
     0 | D:1      | Jinxx the Demonspawn Ice Elementalist began the quest for
                  | the Orb.
     0 | D:1      | Reached XP level 1. HP: 13/13 MP: 3/3
     5 | D:1      | Noticed a vampire
     8 | D:1      | Noticed an octopode
     9 | D:1      | Noticed a felid
    11 | D:1      | Noticed a draconian
    11 | D:1      | Noticed a demigod
    19 | D:1      | Noticed a vampire
   258 | D:1      | Slain by a goblin

Illustrated notes

Levels and vault maps discovered:
D:1:      shiori_arrival_whats_in_store_for_you, layout_loops_corners,
          hellmonk_ecumenical_altar_crossroads, minmay_statues_item,
          st_stairs_11, dk_noncrumbling_2, nicolae_grassy_gnolls

Action                     || total
---------------------------++-------
  Melee: Whip              ||    17
   Cast: Freeze            ||     4
 Armour: Robe              ||    19
  Dodge: Dodged            ||    29
